 Dungeon Crawl Stone Soup version 0.22.0-5-gf09313c (webtiles) character file.

247 sking99 the Stinger (level 6, -1/32 HPs)
             Began as a Kobold Venom Mage on Aug 13, 2018.
             Was an Initiate of Kikubaaqudgha.
             Slain by a big kobold zombie (3 damage)
             ... in an ossuary.
             The game lasted 00:09:45 (3835 turns).

sking99 the Stinger (Kobold Venom Mage)             Turns: 3835, Time: 00:09:45

Health: -1/32      AC:  4    Str:  6    XL:     6   Next: 33%
Magic:  10/11      EV: 16    Int: 18    God:    Kikubaaqudgha [......]
Gold:   124        SH:  0    Dex: 15    Spells: 1/11 levels left

rFire    + . .     SeeInvis .   i - +1 short sword
rCold    + . .     Gourm    .   (shield restricted)
rNeg     . . .     Faith    .   e - +2 robe {rC+ rF+}
rPois    .         Spirit   .   (no helmet)
rElec    .         Reflect  .   (no cloak)
rCorr    .         Harm     .   (no gloves)
MR       .....                  (no boots)
Stlth    ++........             (no amulet)
HPRegen  0.10/turn              (no ring)
MPRegen  0.12/turn              (no ring)

@: berserk cooldown, slowed, very slow
A: small, carnivore
a: Renounce Religion


You were in an ossuary.
You worshipped Kikubaaqudgha.
Kikubaaqudgha was noncommittal.
You were completely stuffed.

You visited 2 branches of the dungeon, and saw 5 of its levels.
You also visited: Ossuary.

You collected 124 gold pieces.

Inventory:

Hand Weapons
 i - a +1 short sword (weapon)
Armour
 e - a +2 robe of resistance (worn)
Jewellery
 n - an uncursed ring of see invisible {unknown}
Scrolls
 p - 2 scrolls of teleportation
Potions
 d - a potion of degeneration {unknown}
 f - a potion of invisibility
 k - a potion of haste
 m - a potion of magic {unknown}
 s - a potion of cancellation {unknown}
Comestibles
 c - 7 rations


   Skills:
 + Level 4.0 Dodging
 - Level 2.6 Stealth
 + Level 3.4 Spellcasting
 + Level 2.6 Conjurations
 + Level 2.0 Air Magic
 + Level 4.0 Poison Magic


You had one spell level left.
You knew the following spells:

 Your Spells              Type           Power        Failure   Level  Hunger
a - Sting                 Conj/Pois      ###.         4%          1    None
b - Poisonous Vapours     Pois/Air       ##....       7%          2    ##.....
c - Mephitic Cloud        Conj/Pois/Air  ##......     14%         3    ###....
d - Olgreb's Toxic Radia  Pois           ###.....     28%         4    ####...

Your spell library contained the following spells:

 Spells                   Type           Power        Failure   Level  Hunger
 Venom Bolt               Conj/Pois      ###.......   73%         5    ######.


Dungeon Overview and Level Annotations

Branches:
Dungeon (4/15)             Temple (1/1) D:4

Altars:
Elyvilon
Hepliaklqana
Kikubaaqudgha
Makhleb
Qazlal
Ru
Trog
Uskayaw
Xom
Zin

Annotations:
D:3 Grinder


Innate Abilities, Weirdness & Mutations

You are small and have problems with some larger weapons.
You are carnivorous and can eat meat at any time.


Message History

Kikubaaqudgha accepts your kill.
Your Dodging skill increases to level 4!
The kobold zombie closely misses you.
The big kobold zombie completely misses you.
The hobgoblin zombie hits you.
* * * LOW HITPOINT WARNING * * *
You barely miss the kobold zombie. The kobold zombie barely misses you.
You hit the kobold zombie.
The kobold zombie is severely damaged.
You are no longer berserk.
You are exhausted.
You feel yourself slow down.
The big kobold zombie closely misses you.
The hobgoblin zombie barely misses you.
You hit the kobold zombie.
You destroy the kobold zombie!
Kikubaaqudgha accepts your kill. The hobgoblin zombie misses you.
The big kobold zombie hits you.
You die...
Kikubaaqudgha rasps: "You have failed me!
Welcome... death!"

...........
........#
......#
#....#
#....#
#....#
#....#
#Z.Z.#
#.@Z.#
#....#
#....#
#.∩∩.#
######


You could see 2 hobgoblin zombies and a big kobold zombie.

Vanquished Creatures
  Blork the orc (D:4)
  An orc wizard (D:3)
  2 mummies (Ossuary)
  2 adders
  3 gnolls (D:2)
  3 oozes
  A dart slug (D:1)
  2 leopard geckos (D:2)
  3 orcs
  A ball python (Temple)
  4 giant cockroaches
  10 goblins
  6 hobgoblins
  6 jackals
  A kobold (D:2)
  2 quokkas
  5 bats
  4 frilled lizards
  A gnoll zombie (Ossuary)
  2 kobold zombies (Ossuary)
  An orc zombie (Ossuary)
  6 rats
67 creatures vanquished.

Notes
Turn   | Place    | Note
-------+----------+-------------------------------------------
     0 | D:1      | sking99 the Kobold Venom Mage began the quest for the Orb.
     0 | D:1      | Reached XP level 1. HP: 10/10 MP: 3/3
   268 | D:1      | Reached XP level 2. HP: 15/15 MP: 1/5
   727 | D:2      | Reached XP level 3. HP: 17/19 MP: 0/6
   744 | D:1      | Learned a level 2 spell: Poisonous Vapours
   748 | D:1      | Learned a level 3 spell: Mephitic Cloud
  1511 | D:2      | Reached XP level 4. HP: 24/24 MP: 0/8
  1802 | D:2      | Reached skill level 1 in Air Magic
  2547 | D:3      | Reached XP level 5. HP: 28/28 MP: 3/9
  2708 | D:3      | Found a glowing silver altar of Zin.
  2710 | D:3      | Noticed an angel
  2713 | D:3      | Found a shimmering altar of Xom.
  3276 | D:3      | Noticed Grinder
  3620 | D:4      | Noticed a phantom
  3634 | D:4      | Found a staircase to the Ecumenical Temple.
  3638 | Temple   | Entered the Ecumenical Temple
  3687 | Temple   | Became a worshipper of Kikubaaqudgha
  3741 | D:4      | Noticed Blork the orc
  3750 | D:4      | Killed Blork the orc
  3750 | D:4      | Reached XP level 6. HP: 32/32 MP: 0/11
  3772 | D:4      | Found a sand-covered staircase.
  3780 | Ossuary  | Entered an ossuary
  3803 | Ossuary  | Learned a level 4 spell: Olgreb's Toxic Radiance
  3835 | Ossuary  | Slain by a big kobold zombie

Skill      XL: |  1  2  3  4  5  6 |
---------------+-------------------+-----
Dodging        | 3 4 |  4.0
Conjurations   | 2 |  2.6
Air Magic      | 1 2 |  2.0
Spellcasting   | 3 |  3.4
Poison Magic   | 4 |  4.0
Stealth        | |  2.6

Action                   |  1- 3 |  4- 6 || total
-------------------------+-------+-------++-------
Melee: Short sword       |    30 |    44 ||    74
 Cast: Sting             |    46 |    85 ||   131
       Poisonous Vapours |     8 |    14 ||    22
  Use: Scroll            |       |    11 ||    11
       Potion            |       |     2 ||     2
  Eat: Chunk             |    11 |     8 ||    19
Armor: Robe              |     4 |     6 ||    10
Dodge: Dodged            |    30 |    51 ||    81
